 Dungeon Crawl Stone Soup version 0.31-a0-145-g046c7d2549 (webtiles) character file.

Game seed: 155279127648251532

7 nicknak712 the Trooper (level 1, -3/18 HPs)
             Began as a Demonspawn Berserker on June 5, 2023.
             Was a Follower of Trog.
             Slain by a worm (8 damage)
             ... on level 2 of the Dungeon.
             The game lasted 00:08:21 (657 turns).

nicknak712 the Trooper (Demonspawn Berserker)        Turns: 657, Time: 00:08:21

Health: -3/18      AC:  3    Str: 17    XL:     1   Next: 83%
Magic:  1/1        EV: 12    Int:  8    God:    Trog [*.....]
Gold:   37         SH:  0    Dex: 18    Spells: 0/0 levels left

rFire   . . .        a - +0 falchion
rCold   . . .        (no shield)
rNeg    . . .        b - +0 animal skin
rPois   +            (no helmet)
rElec   .            (no cloak)
rCorr   .            (no gloves)
SInv    .            c - +0 pair of boots
Will    .....        (no amulet)
Stlth   ++           i - ring of poison resistance
HPRegen 0.23/turn    g - +6 ring of dexterity
MPRegen 0.07/turn

%: no passive effects
@: no status effects
A: no striking features
a: Renounce Religion, Berserk


You were on level 2 of the Dungeon.
You worshipped Trog.
Trog was aware of your devotion.
You visited 1 branch of the dungeon, and saw 2 of its levels.

You collected 37 gold pieces.

Inventory:

Hand Weapons
 a - a +0 falchion (weapon)
 d - a +2 sling of freezing
Armour
 b - a +0 animal skin (worn)
 c - a +0 pair of boots (worn)
Jewellery
 g - a +6 ring of dexterity (right hand)
 i - a ring of poison resistance (left hand)
Scrolls
 e - a scroll of amnesia {unknown}
 f - 2 scrolls of teleportation {unknown}
 h - a scroll of identify {unknown}
Potions
 j - a potion of brilliance {unknown}


   Skills:
 * Level 3.1 Fighting
 * Level 2.8 Long Blades
 * Level 1.8 Armour
 + Level 2.0 Dodging


You couldn't memorise any spells.
You didn't know any spells.
Your spell library was empty.

Dungeon Overview and Level Annotations

Branches:
Dungeon (2/15)

Altars:

Shops:
D:2 :


Message History

You kill the endoplasm!
Trog accepts your kill. The frilled lizard bites you.
You closely miss the frilled lizard. The frilled lizard barely misses you.
You miss the frilled lizard.
The frilled lizard bites you but does no damage.
You hit the frilled lizard.
You kill the frilled lizard!
Trog accepts your kill.
Your Dodging skill increases to level 2!
You see here a frilled lizard corpse.
You see here a frilled lizard corpse.
You start resting.
HP restored.
A worm comes into view.
Found a stone staircase leading up.
You hit the worm.
The worm is moderately wounded.
You hit the worm.
The worm is heavily wounded.
The worm bites you.
You slash the worm!
The worm is almost dead.
The worm barely misses you.
You hit the worm.
The worm is almost dead.
The worm bites you!
You hit the worm.
The worm is almost dead.
You hit the worm but do no damage.
The worm is almost dead.
The worm bites you but does no damage.
You barely miss the worm.
The worm is almost dead.
The worm bites you.
* * * LOW HITPOINT WARNING * * *
You hit the worm.
The worm is almost dead.
The worm bites you!
You die...

###.<.####.
#∩.........#
####.##.###.###
..##.##...#.#
#.##.####.#.# .
#.##.....†..# #.<
#.#######.###
.....##.#######.#
#.....w@........#
#.....#.#########
..... #.# ....
..# ### ####


You could see a worm.

Vanquished Creatures
  An endoplasm (D:2)
  2 goblins (D:1)
  A hobgoblin (D:1)
  A ball python (D:1)
  2 frilled lizards
7 creatures vanquished.

Notes
Turn   | Place    | Note
-------+----------+-------------------------------------------
     0 | D:1      | nicknak712 the Demonspawn Berserker began the quest for the
                  | Orb.
     0 | D:1      | Reached XP level 1. HP: 18/18 MP: 1/1
   582 | D:2      | Found Geba's Book Shoppe.
   657 | D:2      | Slain by a worm

Illustrated notes

Levels and vault maps discovered:
D:1:      ncdulo_watergridlock, layout_rooms
D:2:      minmay_roachtagon, layout_loops_corners, serial_shops,
          nicolae_shop_tiny_statue_garden, shop, shop,
          roderic_nine_men_s_morris, minivault_5

Skill      XL: |  1 |
---------------+----+-----
Dodging        | 2 |  2.0
Fighting       | |  3.1
Long Blades    | |  2.8
Armour         | |  1.8

Action                     || total
---------------------------++-------
  Melee: Falchion          ||    26
    Use: Potion            ||     1
 Armour: Animal skin       ||     3
  Dodge: Dodged            ||    11

Table legend: (Time is in decaauts)
 A = Elapsed time spent in this place.
 B = Non-inter-level travel time spent in this place.
 C = Inter-level travel time spent in this place.
 D = Time resting spent in this place.
 E = Time spent auto-exploring this place.
 F = Levels seen in this place.
 G = Mean time per level.
                   A        B        C        D        E       F      G
               +--------+--------+--------+--------+--------+-----+--------+
         Total |    659 |    645 |     14 |    164 |    339 |   2 |  329.5 |
       Dungeon |    659 |    645 |     14 |    164 |    339 |   2 |  329.5 |
               +--------+--------+--------+--------+--------+-----+--------+

Top non-repeatable levels by time:
     D:1: 583 daAuts
     D:2: 76 daAuts
